 Dungeon Crawl Stone Soup version 0.31-a0-202-g547052bce9 (webtiles) character file.

Game seed: 8847395274866921788

114 qw the Skirmisher (level 4, 0/25 HPs)
             Began as a Deep Elf Hunter on June 26, 2023.
             Succumbed to a gnoll's poison
             ... on level 2 of the Dungeon.
             The game lasted 00:00:36 (1330 turns).

qw the Skirmisher (Deep Elf Hunter)                 Turns: 1330, Time: 00:00:36

Health: 0/25       AC:  6    Str: 10    XL:     4   Next: 67%
Magic:  6/6        EV: 11    Int: 14    God:
Gold:   116        SH:  0    Dex: 18    Spells: 3/3 levels left

rFire   . . .        Y - +0 shortbow
rCold   . . .        (shield currently unavailable)
rNeg    . . .        g - +0 ring mail
rPois   .            (no helmet)
rElec   .            (no cloak)
rCorr   .            c - +0 pair of gloves
SInv    .            (no boots)
Will    .....        (no amulet)
Stlth   +            (no ring)
HPRegen 0.24/turn    (no ring)
MPRegen 0.10/turn

%: no passive effects
@: lethally poisoned (0 -> -5)
A: no striking features
a: no special abilities


You were on level 2 of the Dungeon.
You visited 1 branch of the dungeon, and saw 2 of its levels.

You collected 116 gold pieces.


   Skills:
 - Level 1.5 Fighting
 + Level 8.1 Ranged Weapons
 - Level 2.4 Dodging
 - Level 1.2 Stealth


You had 3 spell levels left.
You didn't know any spells.
Your spell library was empty.

Inventory:

Hand Weapons
 Y - a +0 shortbow (weapon)
Armour
 c - a +0 pair of gloves (worn)
 g - a +0 ring mail (worn)
Jewellery
 h - a +5 ring of evasion
Scrolls
 f - a scroll of identify
 i - a scroll of poison {unknown}
 j - a scroll of enchant weapon {unknown}
 k - a scroll of acquirement {unknown}
Potions
 a - a potion of heal wounds {unknown}
 b - a potion of might {unknown}
 d - a potion of haste {unknown}
 e - a potion of attraction {unknown}

Dungeon Overview and Level Annotations

Branches:
Dungeon (2/15)

Altars:
Xom


Message History

You shoot an arrow. The arrow closely misses the gnoll.
The gnoll hits you from afar with a +0 spear of venom.
You are poisoned.
You shoot an arrow. The arrow hits the gnoll!
The gnoll is almost dead.
You feel sick.
The gnoll hits you from afar with a +0 spear of venom.
You are lethally poisoned!
You shoot an arrow. The arrow hits the gnoll.
You kill the gnoll!
You feel very sick.
Your Ranged Weapons skill increases to level 8!
You shoot an arrow. The arrow hits the giant cockroach.
The giant cockroach is moderately wounded.
You feel very sick.
The giant cockroach bites you but does no damage.
You shoot an arrow. The arrow hits the giant cockroach!
You kill the giant cockroach!
You feel very sick.
There is a lethal amount of poison in your body!
You feel sick.
There is a lethal amount of poison in your body!
You feel sick.
A gnoll opens the door.
Enter note:
Enter note:
Enter note:
Enter note:
Enter note:
Enter note:
Enter note:
Enter note:
Enter note:
Enter note:
Enter note:
Enter note:
Enter note:
Enter note:
Enter note:
1330 ||| FLEEEEING.
You die...

##..#........###....7.7...##....P
......%...... #...............P77
#.....#########.....7.7......P777
<............#........####....7P.
#......###...>......7.7# #...77..
#......# #.............# #..P....
#...<..# #.............# ####....
#......# #.....)..# ######....
###...... ....#.@.# #.........
..........g'.).######.........
.........#.#.................. #
# #..................
#......%.......##..
#...######.........
#..........<....P..
##.......>..#..P.77
#.............P777


You could see a gnoll (wandering).

Vanquished Creatures
  Natasha (D:2)
  3 gnolls (D:2)
  3 dart slugs
  5 ball pythons
  7 endoplasms
  3 giant cockroaches
  9 goblins
  3 hobgoblins
  2 jackals (D:1)
  4 kobolds
  A quokka (D:1)
  3 bats
  4 frilled lizards
  5 rats (D:1)
53 creatures vanquished.

Notes
Turn   | Place    | Note
-------+----------+-------------------------------------------
     0 | D:1      | qw the Deep Elf Hunter began the quest for the Orb.
     0 | D:1      | Reached XP level 1. HP: 12/12 MP: 3/3
     0 | D:1      | 0 ||| qw: Version: 0.3-a-22-g0ed2b0b
     0 | D:1      | 0 ||| qw: Game counter: 5915
     0 | D:1      | 0 ||| qw: Melee chars always use a shield: true
     0 | D:1      | 0 ||| qw: God list: Okawaru
     0 | D:1      | 0 ||| qw: Allow faded altars: false
     0 | D:1      | 0 ||| qw: Do Orc after clearing Dungeon:15 true
     0 | D:1      | 0 ||| qw: Do second Lair branch before Depths: true
     0 | D:1      | 0 ||| qw: Lair rune preference: random
     0 | D:1      | 0 ||| qw: Goals: Normal
     0 | D:1      | 0 ||| PLANNING D:1-11
    71 | D:1      | Reached skill level 6 in Ranged Weapons
    71 | D:1      | Reached XP level 2. HP: 16/16 MP: 4/4
   326 | D:1      | Reached XP level 3. HP: 20/20 MP: 5/5
   330 | D:1      | 330 ||| UPGRADING to +0 ring mail.
   340 | D:1      | 340 ||| DROPPING +0 leather armour.
   344 | D:1      | 344 ||| READING scroll labelled VEYGHO DURITA.
   345 | D:1      | 345 ||| DROPPING scroll of butterflies.
   901 | D:1      | 901 ||| UPGRADING to +0 pair of gloves.
   932 | D:2      | Reached skill level 7 in Ranged Weapons
  1008 | D:2      | Noticed Natasha
  1013 | D:2      | Killed Natasha
  1014 | D:2      | Reached XP level 4. HP: 13/25 MP: 6/6
  1111 | D:2      | Found a shimmering altar of Xom.
  1326 | D:2      | Reached skill level 8 in Ranged Weapons
  1327 | D:2      | HP: 4/25 [poisoned by a gnoll]
  1329 | D:2      | HP: 1/25 [poisoned by a gnoll]
  1330 | D:2      | 1330 ||| FLEEEEING.
  1330 | D:2      | Succumbed to a gnoll's poison

Levels and vault maps discovered:
D:1:      dpeg_arrival_tiny_a, layout_basic, serial_co_window_serial,
          co_window_of_opportunity_a, co_window_cross_1, co_window_corner_a,
          co_window_paths_b, co_window_corner_a, co_window_corner_a,
          co_window_paths_c, co_window_corner_cb, co_window_corner_cb,
          glass_columns_a, glass_columns_b, glass_columns_a, glass_columns_a,
          glass_columns_a, st_stairs_5
D:2:      layout_basic, basic_altar, serial_forest,
          infiniplex_forest_clump_small, infiniplex_forest_clump_C,
          infiniplex_forest_straight_2, infiniplex_forest_clump_diagonal,
          infiniplex_forest_side_room, infiniplex_forest_clump_diagonal,
          infiniplex_forest_lined_3, infiniplex_forest_clump_curved,
          infiniplex_forest_clump_diagonal, uniq_natasha

Skill      XL: |  1  2  3  4 |
---------------+-------------+-----
Ranged Weapons | 6 7 8 |  8.1
Fighting       | |  1.5
Dodging        | |  2.4
Stealth        | |  1.2

Action                     |  1- 3 |  4- 6 || total
---------------------------+-------+-------++-------
   Fire: Shortbow          |    95 |    38 ||   133
    Use: Scroll            |     1 |       ||     1
 Armour: Leather armour    |    13 |       ||    13
         Ring mail         |     1 |     4 ||     5
  Dodge: Dodged            |    23 |     7 ||    30

Table legend:
 A = Non-vault XP
 B = Vault XP
 C = Vault XP percentage of total XP
 D = Non-vault monster count
 E = Vault monster count
 F = Vault count percentage of total count
                 A         B        C        D         E       F
            +---------+---------+-------+---------+---------+-------
      Total |     129 |      35 |  21.3 |      51 |       2 |   3.8
            +---------+---------+-------+---------+---------+-------
        D:1 |      57 |       2 |   3.4 |      32 |       1 |   3.0
        D:2 |      72 |      33 |  31.4 |      19 |       1 |   5.0
            +---------+---------+-------+---------+---------+-------
